 Dungeon Crawl Stone Soup version 0.29.1-14-g9c671dbff4 (webtiles) character file.

Game seed: 9007194618544905737

1860 Kangrisorn the Trooper (level 8, -6/73 HPs)
             Began as a Minotaur Fighter on Feb 13, 2023.
             Mangled by Duvessa
             ... wielding a +6 short sword of venom
              (13 damage)
             ... on level 6 of the Dungeon.
             The game lasted 00:16:44 (5907 turns).

Kangrisorn the Trooper (Minotaur Fighter)           Turns: 5907, Time: 00:16:45

Health: -6/73      AC: 10    Str: 23    XL:     8   Next: 89%
Magic:  7/7        EV:  6    Int:  5    God:
Gold:   193        SH: 10    Dex: 10    Spells: 7/7 levels left

rFire   . . .      SeeInvis .   a - +2 war axe
rCold   . . .      Faith    .   f - +1 kite shield
rNeg    . . .      Spirit   .   c - +0 chain mail
rPois   .          Reflect  .   (helmet restricted)
rElec   .          Harm     .   (no cloak)
rCorr   .          Rampage  .   (no gloves)
Will    .....                   (no boots)
Stlth   ..........              (no amulet)
HPRegen 0.22/turn               (no ring)
MPRegen 0.10/turn               (no ring)

@: mighty, lethally poisoned (-6 -> -13)
A: horns 2, retaliatory headbutt
a: no special abilities


You were on level 6 of the Dungeon.
You visited 1 branch of the dungeon, and saw 6 of its levels.

You collected 193 gold pieces.

Inventory:

Hand Weapons
 a - a +2 war axe (weapon)
Missiles
 b - 4 curare-tipped darts (quivered)
 n - 3 boomerangs
 p - 2 datura-tipped darts
 t - 6 atropa-tipped darts
 v - 16 poisoned darts
 w - a throwing net
Armour
 c - a +0 chain mail (worn)
 f - a +1 kite shield (worn)
Jewellery
 s - an amulet of guardian spirit
Scrolls
 g - a scroll of butterflies
 h - 5 scrolls of teleportation
 j - a scroll of magic mapping
 o - a scroll of poison {unknown}
 y - a scroll of identify
Potions
 e - a potion of cancellation
 i - 4 potions of brilliance
 k - a potion of berserk rage {unknown}
 l - a potion of degeneration {unknown}
 m - a potion of mutation {unknown}
 q - a potion of curing
 r - a potion of flight {unknown}
 u - a potion of lignification {unknown}
 x - a potion of invisibility {unknown}


   Skills:
 + Level 7.3 Fighting
 + Level 6.7 Axes
 + Level 4.4 Throwing
 + Level 7.3 Armour
 + Level 7.2 Shields


You had 7 spell levels left.
You didn't know any spells.
Your spell library contained the following spells:

 Spells                   Type           Power      Damage    Failure   Level
 Magic Dart               Conj           0%         1d3       100%        1
 Sting                    Tmut/Pois      0%         1d3       100%        1
 Poisonous Vapours        Pois/Air       0%         N/A       100%        2
 Searing Ray              Conj           0%         2d4       100%        2
 Gell's Gravitas          Tloc           0%         N/A       100%        3
 Portal Projectile        Hex/Tloc       0%         N/A       100%        3
 Teleport Other           Tloc           0%         N/A       100%        3
 Tukima's Dance           Hex            0%         N/A       100%        3
 Fulminant Prism          Conj/Hex       0%         3d6       100%        4
 Olgreb's Toxic Radiance  Pois           0%         N/A       100%        4
 Blade Hands              Tmut           0%         N/A       100%        5
 Dispersal                Tloc           0%         N/A       100%        6


Dungeon Overview and Level Annotations

Branches:
Dungeon (6/15)
 Temple: D:4-7

Altars:

Shops:
D:6 (

Annotations:
D:6 Dowan, Duvessa


Innate Abilities, Weirdness & Mutations

You have a pair of horns on your head.
You reflexively headbutt those who attack you in melee.


Message History

* * * LOW HITPOINT WARNING * * *
You block the iguana's attack. You block the phantom's attack.
You feel better.
Duvessa, Sister of Dowan comes into view.
She is wielding a +6 short sword of venom.
You block the phantom's attack. You block the iguana's attack.
You feel very mighty all of a sudden.
Duvessa shouts!
An orc comes into view. It is wielding a +0 club.
The phantom barely misses you. You furiously retaliate!
You headbutt the phantom!
You destroy the phantom!
The iguana bites you!
* * * LOW HITPOINT WARNING * * *
The iguana bites you but does no damage.
You closely miss the iguana. You headbutt the iguana!
You kill the iguana!
You barely miss the orc. The orc hits you but does no damage.
You slash the orc!
You kill the orc!
Dowan and an orc come into view.
Dowan is wielding a +0 dagger of venom.
Dowan shouts!
The orc shouts!
You see here a +0 short sword.
An orc comes into view. It is wielding a +0 short sword.
The orc shouts!
Duvessa hits you with a +6 short sword of venom!
* * * LOW HITPOINT WARNING * * *
You are lethally poisoned!
Dowan gestures wildly while chanting.
Dowan blinks!
Things that are here:
a +0 giant club; an ogre corpse The orc shouts!
You slice Duvessa!! Your headbutt misses Duvessa.
Duvessa is severely wounded.
* * * LOW HITPOINT WARNING * * *
You feel very sick. You block Duvessa's attack.
Duvessa says, "When magic and the sword combine, nothing stands against them."
Duvessa hits you with a +6 short sword of venom!
You die...

#......##).##.##
#...##..##.##..##
#...###..))###[.# #####
####....#.# #####
##.....## ...# ###.....
# #.## #...<)
#...#####..########(....
..o..oe@)...............
..o.#####.>.###########.
. ###..# ## ##.... ####.


You could see Duvessa and 3 orcs.

Vanquished Creatures
  Grinder (D:4)
  Sigmund (D:4)
  Edmund (D:4)
  A black bear (D:4)
  An ogre (D:6)
  A phantom (D:6)
  A kobold brigand (D:6)
  A bullfrog (D:5)
  2 scorpions
  5 wights (D:6)
  A jelly (D:6)
  4 orc priests
  A hound (D:5)
  A gnoll bouda (D:4)
  2 iguanas
  2 orc wizards (D:5)
  Robin (D:2)
  10 gnolls
  6 adders
  3 worms
  5 dart slugs
  32 orcs
  6 ball pythons
  A bat (D:3)
  4 giant cockroaches
  13 goblins
  8 hobgoblins
  2 jackals (D:5)
  8 kobolds
  4 quokkas
  4 frilled lizards
  2 rats
135 creatures vanquished.

Vanquished Creatures (others)
  22 plants (D:5)
22 creatures vanquished.

Grand Total: 157 creatures vanquished

Notes
Turn   | Place    | Note
-------+----------+-------------------------------------------
     0 | D:1      | Kangrisorn the Minotaur Fighter began the quest for the
                  | Orb.
     0 | D:1      | Reached XP level 1. HP: 19/19 MP: 0/0
   192 | D:1      | Reached XP level 2. HP: 14/27 MP: 1/1
  1060 | D:2      | Noticed Robin
  1083 | D:2      | Reached XP level 3. HP: 28/33 MP: 2/2
  1087 | D:2      | Killed Robin
  1533 | D:2      | Reached XP level 4. HP: 21/41 MP: 3/3
  2608 | D:4      | Noticed a black bear
  2615 | D:4      | Killed a black bear
  2616 | D:4      | Reached skill level 1 in Throwing
  2616 | D:4      | Reached XP level 5. HP: 34/47 MP: 4/4
  2753 | D:4      | Reached skill level 5 in Fighting
  2753 | D:4      | Reached skill level 5 in Armour
  2753 | D:4      | Reached skill level 5 in Shields
  2753 | D:4      | Reached XP level 6. HP: 54/56 MP: 5/5
  2834 | D:4      | Noticed Grinder
  2841 | D:4      | Paralysed by Grinder for 4 turns
  2853 | D:4      | Killed Grinder
  3028 | D:4      | Reached XP level 7. HP: 38/61 MP: 6/6
  3246 | D:4      | Reached skill level 5 in Axes
  3553 | D:4      | Noticed Edmund
  3571 | D:4      | Killed Edmund
  3858 | D:4      | Noticed Sigmund
  3875 | D:4      | Killed Sigmund
  4302 | D:5      | Entered Level 5 of the Dungeon
  4313 | D:5      | Reached XP level 8. HP: 67/70 MP: 7/7
  5663 | D:6      | Found Hocif's Antique Weapon Boutique.
  5900 | D:6      | Noticed Duvessa
  5905 | D:6      | Noticed Dowan
  5907 | D:6      | Mangled by Duvessa

Illustrated notes

Levels and vault maps discovered:
D:1:      wheals_arrival_linesprint, layout_basic
D:2:      layout_basic, chequers_avenue, st_stairs_7, uniq_robin
D:3:      layout_rooms, kennysheep_generic_room_8
D:4:      layout_loops_cross, minmay_bent, uniq_sigmund, uniq_edmund,
          uniq_grinder
D:5:      layout_rooms, serial_bayou_lake_a
D:6:      layout_rooms, serial_shops, shop_fountains, nrook_uturn,
          kennysheep_potato, uniq_duvessa

Skill      XL: |  1  2  3  4  5  6  7  8 |
---------------+-------------------------+-----
Fighting       | 4 5 6 7 |  7.3
Armour         | 4 5 6 7 |  7.3
Shields        | 4 5 6 7 |  7.2
Axes           | 3 4 5 6 |  6.7
Throwing       | 1 2 3 4 |  4.4

Action                   |  1- 3 |  4- 6 |  7- 9 || total
-------------------------+-------+-------+-------++-------
Melee: War axe           |    80 |    80 |   171 ||   331
       Headbutt          |    11 |    16 |    25 ||    52
Throw: Dart              |       |     6 |     2 ||     8
  Use: Scroll            |     3 |     8 |     3 ||    14
       Potion            |       |       |     4 ||     4
Armor: Scale mail        |    35 |       |       ||    35
       Chain mail        |     4 |    42 |    60 ||   106
Dodge: Dodged            |    37 |    25 |    26 ||    88
Block: Buckler           |     9 |       |       ||     9
       Kite shield       |     6 |    42 |    71 ||   119
